 Dungeon Crawl Stone Soup version 0.19.5 (webtiles) character file.

23461 BugsBunnySan the Ripper (level 12, -4/90 HPs)
             Began as a Felid Berserker on Mar 3, 2017.
             Was an Elder of Trog.
             Splashed by an oklob plant's acid (12 damage)
             ... on level 6 of the Lair of Beasts.
             The game lasted 01:22:04 (21942 turns).

BugsBunnySan the Ripper (Felid Berserker)          Turns: 21942, Time: 01:22:06

Health: -4/90      AC: -1    Str: 19    XL:     12   Next: 72%
Magic:  13/13      EV: 30    Int:  8    God:    Trog [****..]
Gold:   1328       SH:  0    Dex: 20    Spells: 0 memorised, 11 levels left
                                        Lives:  0   Deaths: 4

rFire  + . .     SeeInvis +       - Unarmed
rCold  + . .     Gourm    .     (armour unavailable)
rNeg   . . .     Faith    .     (shield unavailable)
rPois  +         Spirit   .     (helmet unavailable)
rElec  .         Reflect  .     (cloak unavailable)
rCorr  .         Harm     .     (gloves unavailable)
MR     +++..                    (boots unavailable)
Stlth  ..........               l - amulet of regeneration
                                y - ring of protection from fire
                                h - ring of poison resistance

@: berserking, corroded, regenerating, very quick
A: no armour, no weapons or thrown items, stealth, claws 1, fangs 3, see
invisible, carnivore 3, speed 1, shaggy fur 3, slow metabolism 1, sharp paws
a: Berserk, Trog's Hand, Brothers in Arms, Burn Spellbooks, Renounce Religion


You were on level 6 of the Lair of Beasts.
You worshipped Trog.
Trog was greatly pleased with you.
You were very full.

You visited 5 branches of the dungeon, and saw 23 of its levels.
You also visited: Labyrinth.

You collected 1898 gold pieces.
You spent 570 gold pieces at shops.

Inventory:

Jewellery
 h - a ring of poison resistance (left paw)
 l - an amulet of regeneration (around neck)
 y - a ring of protection from fire (right paw)
 A - the amulet of Muiciuhu {Faith rPois rC- SInv}
   (You found it on level 3 of the Lair of Beasts)

   [amulet of faith]

   It allows you to gain divine favour quickly.
   It makes you vulnerable to cold.
   It protects you from poison.
   It lets you see invisible.
 N - an uncursed ring of protection from magic
Wands
 p - a wand of hasting (5/9)
 v - a wand of disintegration (13/24)
 z - a wand of lightning (10/15)
 D - a wand of slowing (13/48)
 E - a wand of enslavement (23/24)
 K - a wand of teleportation (4/9)
 L - a wand of flame (33/48)
 M - a wand of flame (30/48)
 P - a wand of paralysis (15/24)
 Q - a wand of flame (19/48)
 X - a wand of digging (15/24)
Scrolls
 c - 5 scrolls of magic mapping
 d - 10 scrolls of identify
 f - 8 scrolls of teleportation
 k - 6 scrolls of recharging
 o - 4 scrolls of immolation
 w - 8 scrolls of remove curse
 J - 4 scrolls of fear
 O - a scroll of silence
Potions
 e - 2 potions of berserk rage
 g - a potion of brilliance
 i - a potion of resistance
 m - 7 potions of flight
 r - 3 potions of agility
 s - 5 potions of curing
 u - 2 potions of lignification
Books
 q - a book of Changes

   Spells                             Type                      Level
   a - Beastly Appendage              Transmutation                1
   b - Sticks to Snakes               Transmutation                2
   c - Spider Form                    Transmutation/Poison         3
   d - Ice Form                       Ice/Transmutation            4
   e - Blade Hands                    Transmutation                5
   Trog disapproves of the use of such an item.
 t - a book of Power

   Spells                             Type                      Level
   a - Fulminant Prism                Conjuration/Hexes            4
   b - Iskenderun's Mystic Blast      Conjuration                  4
   c - Venom Bolt                     Conjuration/Poison           5
   d - Bolt of Magma                  Conjuration/Fire/Earth       5
   e - Iron Shot                      Conjuration/Earth            6
   f - Orb of Destruction             Conjuration                  7
   g - Spellforged Servitor           Conjuration/Summoning        7
   Trog disapproves of the use of such an item.
 x - a book of Burglary

   Spells                             Type                      Level
   a - Swiftness                      Charms/Air                   2
   b - Passwall                       Transmutation/Earth          2
   c - Passage of Golubria            Translocation                4
   d - Lee's Rapid Deconstruction     Earth                        5
   e - Darkness                       Hexes                        6
   f - Invisibility                   Hexes                        6
   Trog disapproves of the use of such an item.
 B - a book of Minor Magic

   Spells                             Type                      Level
   a - Magic Dart                     Conjuration                  1
   b - Blink                          Translocation                2
   c - Call Imp                       Summoning                    2
   d - Repel Missiles                 Charms/Air                   2
   e - Slow                           Hexes                        2
   f - Conjure Flame                  Conjuration/Fire             3
   g - Mephitic Cloud                 Conjuration/Poison/Air       3
   Trog disapproves of the use of such an item.
 C - a book of Misfortune

   Spells                             Type                      Level
   a - Confusing Touch                Hexes                        1
   b - Confuse                        Hexes                        3
   c - Gell's Gravitas                Hexes/Translocation          3
   d - Petrify                        Transmutation/Earth          4
   e - Metabolic Englaciation         Hexes/Ice                    5
   f - Yara's Violent Unravelling     Hexes/Transmutation          5
   Trog disapproves of the use of such an item.
 F - a book of Maledictions

   Spells                             Type                      Level
   a - Corona                         Hexes                        1
   b - Ensorcelled Hibernation        Hexes/Ice                    2
   c - Confuse                        Hexes                        3
   d - Tukima's Dance                 Hexes                        3
   e - Dazzling Spray                 Conjuration/Hexes            3
   Trog disapproves of the use of such an item.
 G - a book of Transfigurations

   Spells                             Type                      Level
   a - Irradiate                      Conjuration/Transmutation    5
   b - Statue Form                    Transmutation/Earth          6
   c - Hydra Form                     Transmutation                6
   d - Dragon Form                    Transmutation                7
   Trog disapproves of the use of such an item.
 H - a book of Frost

   Spells                             Type                      Level
   a - Freeze                         Ice                          1
   b - Throw Frost                    Conjuration/Ice              2
   c - Ozocubu's Armour               Charms/Ice                   3
   d - Throw Icicle                   Conjuration/Ice              4
   e - Summon Ice Beast               Ice/Summoning                4
   Trog disapproves of the use of such an item.
 R - a book of Spatial Translocations

   Spells                             Type                      Level
   a - Blink                          Translocation                2
   b - Shroud of Golubria             Charms/Translocation         2
   c - Lesser Beckoning               Translocation                3
   d - Portal Projectile              Translocation                3
   e - Teleport Other                 Translocation                3
   f - Passage of Golubria            Translocation                4
   Trog disapproves of the use of such an item.
 S - a Grand Grimoire

   Spells                             Type                      Level
   a - Monstrous Menagerie            Summoning                    7
   b - Summon Greater Demon           Summoning                    7
   c - Malign Gateway                 Summoning/Translocation      7
   d - Summon Horrible Things         Summoning                    8
   Trog disapproves of the use of such an item.
 V - a book of Air

   Spells                             Type                      Level
   a - Shock                          Conjuration/Air              1
   b - Swiftness                      Charms/Air                   2
   c - Repel Missiles                 Charms/Air                   2
   d - Static Discharge               Conjuration/Air              3
   e - Lightning Bolt                 Conjuration/Air              5
   Trog disapproves of the use of such an item.
Miscellaneous
 U - 2 phantom mirrors
Comestibles
 a - 14 meat rations
 b - 5 slices of pizza
 j - 11 royal jellies
 n - 2 chunks of flesh


   Skills:
 * Level 11.6 Fighting
 + Level 13.1 Dodging
 + Level 14.9 Stealth
 + Level 16.8 Unarmed Combat


You had 11 spell levels left.
You didn't know any spells.

Dungeon Overview and Level Annotations

Branches:
Dungeon (13/15)            Temple (1/1) D:7            Lair (6/6) D:10
 Shoals (0/4) Lair:2        Snake (1/4) Lair:2        Slime (0/5) Lair:6
    Orc (2/2) D:12            Elf (0/3) Orc:2
 Vaults: D:13-14

Altars:
Ashenzari
Cheibriados
Dithmenos
Elyvilon
Fedhas
Gozag
Hepliaklqana
Kikubaaqudgha
Makhleb
Nemelex Xobeh
Okawaru
Qazlal
Ru
Sif Muna
Trog
Uskayaw
Vehumet
Xom
Yredelemnul
Zin
The Shining One
Jiyva

Shops:
D:6 =%%(   D:9 %   D:10 !*   Orc:2 [(:

Annotations:
Lair:6 exclusion: oklob plant


Innate Abilities, Weirdness & Mutations

You cannot wear armour.
You are incapable of wielding weapons or throwing items.
Your paws allow you to move quietly. (Stealth)
You have sharp claws.
You have razor-sharp teeth.
You have supernaturally acute eyesight. (SInv)
You are carnivorous and can eat meat at any time.
You cover ground quickly.
Your thick and shaggy fur keeps you warm. (AC +3, rC+)
You have a slow metabolism.
Your sharp claws are effective at attacking unaware monsters.


Message History

You scratch the bush but do no damage.
The bush is severely damaged.
You scratch the bush.
The bush is severely damaged.
You claw the bush!
The bush is almost destroyed.
The oklob plant spits acid at you. The splash of acid hits you!
You are splashed with acid!
The acid burns!
You scratch the bush but do no damage.
The bush is almost destroyed.
The oklob plant spits acid at you. The splash of acid hits you!
You are splashed with acid!
The acid burns!
* * * LOW HITPOINT WARNING * * *
A red film seems to cover your vision as you go berserk!
You feel yourself moving faster!
You feel mighty!
You feel a lot less full. The oklob plant spits acid at you.
The splash of acid hits you!
* * * LOW HITPOINT WARNING * * *
The acid corrodes you!
You are splashed with acid!
The acid burns!
You die...

#.†.........................
##...............P...._>....
#...............<..........
##.......................#.
##........................
#................##....##.
#####....).................# P.
#...PPP.................
.P#...)PPP@................
P.....PPP................#
..#?...$............#.....
#...................P.....
###.........................
###........................P.#
###.........................P...
##....P......................P..#
.........................÷†).....


You could see an oklob plant.

Vanquished Creatures
  Kirke (Lair:4)
  An orc warlord (Orc:2)
  A stone giant (Orc:2)
  A minotaur (Lab)
  Josephine (Lair:6)
  7 hydras
  An ice dragon (Lair:3)
  A centaur warrior (Orc:2)
  Sonja (D:11)
  A hell knight (D:11)
  3 unseen horrors
  A lindwurm (Lair:5)
  3 orc knights (Orc:2)
  An oklob plant (Lair:5)
  A hill giant (D:13)
  A deep elf mage (Orc:2)
  4 orc sorcerers
  A manticore (Lair:2)
  5 ugly things
  An ice statue (Lair:3)
  5 black mambas
  Psyche (D:11)
  A gargoyle (D:11)
  7 spiny frogs
  9 komodo dragons
  3 trolls
  Prince Ribbit (D:6)
  A hornet (Lair:6)
  2 polar bears (Lair:3)
  Grinder (D:6)
  11 blink frogs
  5 hippogriffs
  A redback (Lair:6)
  A spriggan (Lair:2)
  4 wraiths (Lair:6)
  3 wyverns
  13 yaks
  A basilisk (Lair:6)
  4 fire bats (Lair:1)
  2 fire elementals (Lair:1)
  3 hungry ghosts
  2 wargs
  Menkaure (D:5)
  13 water moccasins
  3 hell hounds (D:11)
  2 porcupines
  45 orc warriors
  12 ice beasts
  5 sky beasts
  2 black bears
  An eye of draining (D:11)
  3 phantoms
  8 ogres
  17 wolves
  7 crocodiles
  16 centaurs
  9 bullfrogs
  5 scorpions
  16 wights
  3 howler monkeys
  6 crimson imps
  2 bullfrog zombies
  A centaur zombie (D:10)
  9 jellies
  A quasit (D:11)
  5 hounds
  13 orc priests
  2 centaur skeletons
  4 bullfrog skeletons
  4 iguanas
  17 orc wizards
  10 worker ants
  A hound zombie (D:8)
  A hound skeleton (D:10)
  A mummy (D:5)
  A howler monkey zombie (D:6)
  A worker ant zombie (D:10)
  3 gnolls (D:3)
  13 adders
  A shadow imp (D:10)
  A white imp (Lair:3)
  6 oozes
  A worm (D:2)
  A dart slug (D:2)
  8 leopard geckos
  77 orcs
  7 bats
  8 giant cockroaches
  6 goblins
  8 hobgoblins
  10 jackals
  4 quokkas
  6 frilled lizards
  A jackal skeleton (D:9)
  11 kobolds
  A leopard gecko skeleton (D:6)
  4 orc zombies (D:5)
  A quokka skeleton (D:4)
  11 rats
  5 plants
559 creatures vanquished.

Vanquished Creatures (collateral kills)
  A hydra (Lair:6)
  An orc knight (Orc:1)
  A spiny frog (Lair:6)
  A wraith (Lair:6)
  A warg (Orc:1)
  4 orc warriors
  3 centaurs (Orc:2)
  4 orc priests (Orc:1)
  3 orc wizards (Orc:1)
  5 orcs (Orc:1)
24 creatures vanquished.

Vanquished Creatures (others)
  8 fungi
  3 plants (Lair:6)
  4 toadstools (D:1)
15 creatures vanquished.

Grand Total: 598 creatures vanquished

Notes
Turn   | Place    | Note
-------+----------+-------------------------------------------
     0 | D:1      | BugsBunnySan the Felid Berserker began the quest for the Orb.
     0 | D:1      | Reached XP level 1. HP: 10/10 MP: 2/2
    33 | D:1      | You fall through a shaft!
   174 | D:3      | Noticed a worker ant
   181 | D:3      | Killed a worker ant
   181 | D:3      | Reached XP level 2. HP: 15/15 MP: 3/3
   185 | D:3      | Reached XP level 3. HP: 18/18 MP: 4/4
   285 | D:2      | Found a white marble altar of Elyvilon.
   368 | D:2      | Reached XP level 4. HP: 14/22 MP: 5/5
   745 | D:1      | Reached ** piety under Trog
  1797 | D:2      | Reached skill level 5 in Dodging
  2245 | D:3      | Found a hazy altar of Hepliaklqana.
  2266 | D:3      | Found a glowing silver altar of Zin.
  2415 | D:3      | Reached skill level 1 in Stealth
  2463 | D:3      | Reached skill level 4 in Unarmed Combat
  2464 | D:3      | Reached XP level 5. HP: 25/25 MP: 6/6
  3332 | D:5      | Entered Level 5 of the Dungeon
  3366 | D:3      | Gained mutation: You are covered in thick fur. (AC +2) [Felid growth]
  3366 | D:3      | Reached XP level 6. HP: 29/29 MP: 7/7
  3624 | D:3      | Found a bloodstained altar of Trog.
  3687 | D:3      | Reached *** piety under Trog
  4424 | D:5      | Found a radiant altar of Vehumet.
  4444 | D:5      | Noticed Menkaure
  4449 | D:5      | Reached skill level 5 in Unarmed Combat
  4452 | D:5      | Killed Menkaure
  4452 | D:5      | Reached XP level 7. HP: 30/33 MP: 8/8
  4533 | D:5      | Reached skill level 5 in Fighting
  4949 | D:5      | Reached skill level 6 in Unarmed Combat
  5091 | D:5      | Reached skill level 5 in Stealth
  5269 | D:5      | Reached XP level 8. HP: 37/37 MP: 9/9
  5854 | D:7      | Reached skill level 7 in Unarmed Combat
  6302 | D:6      | Found a faded altar of an unknown god.
  6302 | D:6      | Found a faded altar of an unknown god.
  6307 | D:6      | Found a faded altar of an unknown god.
  6308 | D:6      | Noticed Prince Ribbit
  6309 | D:6      | Found a faded altar of an unknown god.
  6310 | D:6      | Found a shadowy altar of Dithmenos.
  6328 | D:6      | Killed Prince Ribbit
  6459 | D:6      | Found a blossoming altar of Fedhas.
  6467 | D:6      | Mangled by an ice beast
  6468 | D:6      | Reached XP level 7. HP: -8/34 MP: 8/8
  6475 | D:6      | Found Fosek's Antique Weapon Shop.
  6566 | D:6      | Noticed Grinder
  6570 | D:6      | Found Yloliwic's Jewellery Shoppe.
  6576 | D:6      | Killed Grinder
  6576 | D:6      | Reached skill level 8 in Unarmed Combat
  6576 | D:6      | Reached XP level 8. HP: 38/38 MP: 9/9
  6730 | D:6      | Found Raimuhek's Food Shop.
  7147 | D:6      | Found Getinyre's Food Shop.
  7324 | D:8      | Found a shattered altar of Ashenzari.
  7605 | D:7      | Reached skill level 9 in Unarmed Combat
  7747 | D:7      | Found a staircase to the Ecumenical Temple.
  7767 | D:7      | Reached XP level 9. HP: 34/42 MP: 10/10
  8060 | D:9      | Found Ocatoc's Food Emporium.
  8384 | Temple   | Entered the Ecumenical Temple
  8948 | D:8      | Found a sacrificial altar of Ru.
  9386 | D:9      | Found a sparkling altar of Nemelex Xobeh.
  9446 | D:9      | Reached skill level 10 in Unarmed Combat
  9503 | D:10     | Entered Level 10 of the Dungeon
  9735 | D:9      | Noticed a troll
  9744 | D:9      | Killed a troll
  9744 | D:9      | Reached skill level 10 in Stealth
  9874 | D:9      | Reached XP level 10. HP: 47/47 MP: 11/11
 10103 | D:10     | Reached skill level 11 in Unarmed Combat
 10232 | D:10     | Reached **** piety under Trog
 10302 | D:10     | Found Heijag's Distillery.
 10305 | D:10     | Bought a potion of heal wounds for 80 gold pieces
 10305 | D:10     | Bought a potion of curing for 48 gold pieces
 10305 | D:10     | Bought a potion of haste for 160 gold pieces
 10305 | D:10     | Bought a potion of heal wounds for 80 gold pieces
 10305 | D:10     | Bought a potion of curing for 48 gold pieces
 10558 | D:11     | Noticed a purple ugly thing
 10567 | D:11     | Killed a purple ugly thing
 10660 | D:10     | Found Kynyi's Assorted Antiques.
 10672 | D:10     | Bought a scroll of identify for 56 gold pieces
 10672 | D:10     | Bought a scroll of fear for 98 gold pieces
 10689 | D:10     | Noticed an unseen horror
 10692 | D:10     | Found a staircase to the Lair.
 10711 | D:10     | Killed an unseen horror
 10843 | Lair:1   | Entered Level 1 of the Lair of Beasts
 10969 | D:11     | Noticed Psyche
 10976 | D:11     | Killed Psyche
 10993 | D:11     | Noticed Sonja
 11048 | D:12     | Noticed a purple ugly thing
 11053 | D:12     | Killed a purple ugly thing
 11053 | D:12     | Reached skill level 12 in Unarmed Combat
 11084 | D:11     | Noticed an unseen horror
 11084 | D:11     | Noticed a green ugly thing
 11085 | D:11     | Reached XP level 11. HP: 51/51 MP: 12/12
 11089 | D:11     | Killed a green ugly thing
 11097 | D:11     | Killed an unseen horror
 11180 | D:11     | Noticed a purple ugly thing
 11195 | D:11     | Killed a purple ugly thing
 11623 | D:11     | Killed Sonja
 11853 | D:12     | Found a staircase to the Orcish Mines.
 11943 | D:11     | Noticed a hell knight
 11950 | D:11     | Noticed a hell knight
 11955 | D:11     | Noticed a hell knight
 11957 | D:11     | Killed a hell knight
 12136 | D:13     | Noticed a hill giant
 12143 | D:13     | Killed a hill giant
 12143 | D:13     | Reached skill level 10 in Dodging
 12382 | D:12     | Reached skill level 13 in Unarmed Combat
 12504 | D:13     | Noticed a cyan ugly thing
 12504 | D:13     | Noticed an unseen horror
 12504 | D:13     | Noticed an eight-headed hydra
 12511 | D:13     | Killed an unseen horror
 12515 | D:13     | Killed a cyan ugly thing
 12516 | D:13     | Killed an eight-headed hydra
 12516 | D:13     | Gained mutation: Your thick and shaggy fur keeps you warm. (AC +3, rC+) [Felid growth]
 12516 | D:13     | Reached XP level 12. HP: 8/57 MP: 13/13
 12903 | Orc:1    | Entered Level 1 of the Orcish Mines
 13515 | Orc:2    | Entered Level 2 of the Orcish Mines
 13567 | Orc:2    | Noticed a stone giant
 13580 | Orc:2    | HP: 1/58 [stone giant/large rock (11)]
 13586 | Orc:2    | Killed a stone giant
 13586 | Orc:2    | Reached skill level 14 in Unarmed Combat
 13701 | Orc:2    | Found a staircase to the Elven Halls.
 13831 | Orc:2    | Reached skill level 10 in Fighting
 14016 | Orc:2    | Noticed an orc warlord
 14128 | Orc:2    | Mangled by an orc warlord
 14129 | Orc:2    | Reached XP level 11. HP: -8/81 MP: 12/12
 14315 | Orc:2    | Noticed an orc knight
 14484 | Orc:2    | Noticed an orc knight
 14509 | Orc:2    | Noticed an orc knight
 14532 | Orc:2    | Killed an orc knight
 14543 | Orc:2    | Killed an orc knight
 14704 | Orc:2    | Killed an orc knight
 14797 | Orc:2    | Noticed an orc sorcerer
 14833 | Orc:2    | Killed an orc sorcerer
 15036 | Orc:2    | Reached XP level 12. HP: 58/58 MP: 13/13
 15248 | Orc:2    | Noticed a centaur warrior
 15277 | Orc:2    | Killed an orc warlord
 15277 | Orc:2    | Reached skill level 15 in Unarmed Combat
 15311 | Orc:2    | Shot with an arrow by a centaur warrior
 15312 | Orc:2    | Reached XP level 11. HP: -1/55 MP: 12/12
 15406 | Orc:2    | Killed a centaur warrior
 15545 | Orc:2    | Found Vaikeasu's Antique Weapon Shoppe.
 15545 | Orc:2    | Found Ofobev's Gadget Boutique.
 15578 | Orc:2    | Found Diellol's Armour Emporium.
 15580 | Orc:2    | Found Omnociek's Book Shop.
 15901 | Lair:2   | Found a staircase to the Snake Pit.
 15902 | Lair:2   | Found a labyrinth entrance.
 15913 | Lab      | Entered a labyrinth
 16585 | Lab      | Noticed a minotaur
 16604 | Lab      | Killed a minotaur
 16682 | Snake:1  | Entered Level 1 of the Snake Pit
 16707 | Lair:2   | Noticed a seven-headed hydra
 16717 | Lair:2   | Killed a seven-headed hydra
 18179 | Lair:2   | Found a staircase to the Shoals.
 18179 | Lair:2   | Noticed a six-headed hydra
 18463 | Lair:2   | You fall through a shaft for 2 floors!
 18492 | Lair:4   | Reached XP level 12. HP: 53/59 MP: 13/13
 18706 | Lair:2   | Killed a six-headed hydra
 19206 | Lair:3   | Noticed an ice dragon
 19436 | Lair:3   | Reached skill level 16 in Unarmed Combat
 19471 | Lair:3   | Killed an ice dragon
 19625 | Lair:3   | Got a sparkling pewter amulet
 19670 | Lair:4   | Identified the amulet of Muiciuhu {Faith rPois rC- SInv} (You found it on level 3 of the Lair of Beasts)
 19848 | Lair:4   | Noticed Kirke
 19859 | Lair:4   | Killed Kirke
 20059 | Lair:5   | Found a glowing silver altar of Zin.
 20374 | Lair:6   | Entered Level 6 of the Lair of Beasts
 20450 | Lair:6   | Reached XP level 13. HP: 37/63 MP: 14/14
 20506 | Lair:6   | Found a viscous altar of Jiyva.
 20506 | Lair:6   | Found a staircase to the Slime Pits.
 20618 | Lair:5   | Reached ***** piety under Trog
 20913 | Lair:6   | Mangled by an eight-headed hydra
 20914 | Lair:6   | Reached XP level 12. HP: -7/90 MP: 13/13
 20932 | Lair:6   | Killed an eight-headed hydra
 21464 | Lair:6   | Noticed a six-headed hydra
 21469 | Lair:6   | Noticed an eight-headed hydra
 21543 | Lair:6   | Killed an eight-headed hydra
 21833 | Lair:6   | Noticed a seven-headed hydra
 21839 | Lair:6   | Noticed Josephine
 21842 | Lair:6   | Killed a seven-headed hydra
 21849 | Lair:6   | Killed Josephine
 21860 | Lair:6   | Killed a six-headed hydra
 21942 | Lair:6   | Splashed by an oklob plant's acid

Skill      XL: |  1  2  3  4  5  6  7  8  9 10 11 12 |
---------------+-------------------------------------+-----
Fighting       | 4 5 6 7 8 9 11 | 11.6
Dodging        | 5 6 7 8 9 10 13 | 13.1
Stealth        | 1 2 3 5 8 10 11 13 14 | 14.9
Unarmed Combat | 4 5 8 9 10 12 13 16 | 16.8

Action                   |  1- 3 |  4- 6 |  7- 9 | 10-12 | 13-15 || total
-------------------------+-------+-------+-------+-------+-------++-------
Melee: Unarmed           |    24 |   204 |   299 |  1244 |    17 ||  1788
       Punch             |     1 |     2 |    12 |    89 |     1 ||   105
       Bite              |       |    17 |    27 |   186 |     3 ||   233
Invok: Berserk           |     1 |     4 |     7 |    40 |     2 ||    54
       Trog's Hand       |       |     4 |     5 |    44 |       ||    53
       Brothers in Arms  |       |       |       |     7 |       ||     7
       Burn Spellbooks   |       |       |       |     2 |       ||     2
  Use: Scroll            |       |       |    15 |    13 |       ||    28
       Potion            |       |       |    12 |    14 |       ||    26
 Stab: Sleeping          |       |     7 |    28 |    46 |       ||    81
       Distracted        |       |       |     1 |    10 |     1 ||    12
  Eat: Chunk             |     5 |    13 |    29 |    95 |     3 ||   145
Armor: Skin              |     3 |     6 |     9 |    42 |     1 ||    61
Dodge: Dodged            |    34 |   218 |   206 |  1102 |    40 ||  1600
